 Dungeon Crawl Stone Soup version 0.25.1-2-g60ff931df9 (webtiles) character file.

Game seed: 5223395898716439268

40 snowfan the Magician (level 3, -1/20 HPs)
             Began as a Deep Elf Wizard on Nov 7, 2020.
             Killed from afar by a dart slug (3 damage)
             ... with a slug dart
             ... on level 1 of the Dungeon.
             The game lasted 00:05:42 (1128 turns).

snowfan the Magician (Deep Elf Wizard)              Turns: 1128, Time: 00:05:43

Health: -1/20      AC:  2    Str:  4    XL:     3   Next: 30%
Magic:  4/10       EV: 13    Int: 23    God:
Gold:   35         SH:  0    Dex: 13    Spells: 5/10 levels left

rFire    . . .     SeeInvis .   i - +0 dagger
rCold    . . .     Gourm    .   (no shield)
rNeg     . . .     Faith    .   k - +0 robe
rPois    +         Spirit   .   b - +0 hat
rElec    .         Reflect  .   (no cloak)
rCorr    .         Harm     .   (no gloves)
MR       .....                  (no boots)
Stlth    ++........             (no amulet)
HPRegen  0.06/turn              j - ring of poison resistance
MPRegen  0.12/turn              (no ring)

@: very slightly contaminated
A: no striking features
a: no special abilities


You were on level 1 of the Dungeon.
You were not hungry.

You visited 1 branch of the dungeon, and saw 2 of its levels.

You collected 35 gold pieces.

Inventory:

Hand Weapons
 i - a +0 dagger (weapon)
Missiles
 g - 24 stones (quivered)
Armour
 b - a +0 hat (worn)
 k - a +0 robe (worn)
Jewellery
 j - a ring of poison resistance (left hand)
Scrolls
 a - a scroll of identify {unknown}
 c - a scroll of remove curse {unknown}
 e - a scroll of fear {unknown}
 l - a scroll of teleportation {unknown}
Potions
 h - a potion of might {unknown}
Comestibles
 d - 2 rations
 f - 3 chunks of flesh


   Skills:
 + Level 0.3 Fighting
 - Level 2.4 Dodging
 - Level 2.4 Stealth
 - Level 4.4 Spellcasting
 * Level 3.3 Conjurations
   Level 1.1 Summonings
 + Level 1.4 Translocations


You had 5 spell levels left.
You knew the following spells:

 Your Spells              Type           Power        Failure   Level  Hunger
a - Magic Dart            Conj           ###.         2%          1    None
b - Blink                 Tloc           N/A          9%          2    None
l - Slow                  Hex            #.......     16%         2    None

Your spell library contained the following spells:

 Spells                   Type           Power        Failure   Level  Hunger
 Call Imp                 Summ           ##......     10%         2    None
 Conjure Flame            Conj/Fire      ##......     16%         3    ##.....
 Mephitic Cloud           Conj/Pois/Air  ##......     19%         3    ##.....


Dungeon Overview and Level Annotations

Branches:
Dungeon (2/15)

Altars:


Message History

Nothing appears to happen.
The hobgoblin hits you with a +0 club.
Casting: Magic Dart (safe; 2% risk of failure)
Confirm with . or Enter, or press ? or * to list all spells.
Aiming: Magic Dart (safe; 2% risk of failure)
Press: ? - help, Shift-Dir - straight line, f/p - hobgoblin
Aim: a hobgoblin, wielding a +0 club (severely wounded)
The magic dart hits the hobgoblin.
The hobgoblin is almost dead.
The hobgoblin hits you with a +0 club.
* * * LOW HITPOINT WARNING * * *
Casting: Magic Dart (safe; 2% risk of failure)
Confirm with . or Enter, or press ? or * to list all spells.
Aiming: Magic Dart (safe; 2% risk of failure)
Press: ? - help, Shift-Dir - straight line, f/p - hobgoblin
Aim: a hobgoblin, wielding a +0 club (almost dead)
The magic dart hits the hobgoblin.
You kill the hobgoblin!
The dart slug launches a dart at you. The slug dart hits you.
You die...

##.......###.####.###..#..#.##.#
########.##....(.## ##.#(.#.##.#
# #.###.###..###.##.....#.## #
#.# ### #...#............. #
#####.# #.##..###.#...#... #
#.....# #w###.###.##.####. #
#.##### #.# #.....##.# #. # #.#
#.# #(######.####. # #.# #@# #.#
#...... # #.# #.# #.# ####### #
#.# #.# #.# # # #.# #.# #.# # #
#.# #.# #.# ########## # #.#
#.###.###.>....... #.#
#.........#.#####. #.#
#####.##.......... #.####
##############


You could see a dart slug.

Vanquished Creatures
  An ooze (D:1)
  A dart slug (D:1)
  3 leopard geckos (D:1)
  2 giant cockroaches (D:1)
  2 goblins (D:1)
  2 hobgoblins (D:1)
  3 jackals (D:1)
  3 kobolds (D:1)
  6 bats (D:1)
  3 frilled lizards (D:1)
  3 rats (D:1)
29 creatures vanquished.

Notes
Turn   | Place    | Note
-------+----------+-------------------------------------------
     0 | D:1      | snowfan the Deep Elf Wizard began the quest for the Orb.
     0 | D:1      | Reached XP level 1. HP: 10/10 MP: 7/7
   202 | D:1      | Reached XP level 2. HP: 15/15 MP: 5/9
   505 | D:1      | Learned a level 2 spell: Blink
   585 | D:1      | Learned a level 2 spell: Slow
   677 | D:1      | Reached XP level 3. HP: 19/19 MP: 7/10
  1128 | D:1      | Killed from afar by a dart slug

Illustrated notes

Levels and vault maps discovered:
D:1:      minmay_arrival_five_plusses, layout_loops_ring, roderic_roman_lattice
D:2:      layout_loops_cross, evilmike_ruin_ashenzari, first_ration

Skill      XL: |  1  2 |
---------------+-------+-----
Conjurations   | 2 3 |  3.3
Fighting       | |  0.3
Dodging        | |  2.4
Stealth        | |  2.4
Spellcasting   | |  4.4
Summonings     | |  1.1
Translocations | |  1.4

Action                   || total
-------------------------++-------
Throw: Stone             ||     1
 Cast: Magic Dart        ||    57
       Slow              ||     1
Armor: Robe              ||     2
Dodge: Dodged            ||    10
